 Dungeon Crawl Stone Soup version 0.30-a0-374-g95c0257040 (webtiles) character file.

Game seed: 12458847940793411099

4718 pokeman the Thaumaturge (level 10, -7/56 HPs)
             Began as a Deep Elf Hedge Wizard on Nov 25, 2022.
             Was a Follower of Vehumet.
             Mangled by an ogre
             ... wielding a +0 giant club
              (26 damage)
             ... on level 9 of the Dungeon.
             The game lasted 00:20:38 (9847 turns).

pokeman the Thaumaturge (Deep Elf Hedge Wizard)     Turns: 9847, Time: 00:20:38

Health: -7/56      AC:  7    Str:  7    XL:     10   Next: 22%
Magic:  19/29      EV: 12    Int: 24    God:    Vehumet [*.....]
Gold:   412        SH:  0    Dex: 14    Spells: 17/36 levels left

rFire   + . .      SeeInvis .    q - +0 dagger (venom)
rCold   . . .      Faith    .    (no shield)
rNeg    . . .      Spirit   .    o - +1 leather armour {Will+}
rPois   .          Reflect  .    B - +0 helmet
rElec   .          Harm     .    h - +0 cloak
rCorr   .          Rampage  .    (no gloves)
Will    ++...                    r - +0 pair of boots
Stlth   ++........               v - amulet of the acrobat
HPRegen 0.29/turn                y - ring of protection from fire
MPRegen 0.21/turn                (no ring)

@: no status effects
A: no striking features
a: Renounce Religion


You were on level 9 of the Dungeon.
You worshipped Vehumet.
Vehumet was aware of your devotion.
You visited 1 branch of the dungeon, and saw 9 of its levels.

You collected 587 gold pieces.
You spent 175 gold pieces at shops.

Inventory:

Hand Weapons
 q - a +0 dagger of venom (weapon)
 x - a +0 arbalest
Armour
 h - a +0 cloak (worn)
 o - a +1 leather armour of willpower (worn)
 r - a +0 pair of boots (worn)
 B - a +0 helmet (worn)
 F - a +1 ring mail of poison resistance
 K - a +2 buckler
Magical Staves
 n - a staff of cold
 t - a staff of air
Jewellery
 v - an amulet of the acrobat (around neck)
 y - a ring of protection from fire (left hand)
Wands
 A - a wand of light (6)
 G - a wand of iceblast (5)
Scrolls
 a - 8 scrolls of teleportation {unknown}
 c - a scroll of torment {unknown}
 e - 4 scrolls of identify {unknown}
 g - a scroll of fear {unknown}
 k - a scroll of noise {unknown}
 l - a scroll of butterflies {unknown}
 p - 3 scrolls of poison {unknown}
 z - 2 scrolls of blinking
 C - 4 scrolls of brand weapon {unknown}
 D - 2 scrolls of enchant weapon {unknown}
 I - a scroll of amnesia {unknown}
Potions
 b - 5 potions of brilliance {unknown}
 d - a potion of magic
 f - 2 potions of flight {unknown}
 i - 3 potions of haste
 j - 3 potions of lignification {unknown}
 m - 6 potions of curing {unknown}
 s - 3 potions of heal wounds
 u - a potion of might {unknown}
 w - 4 potions of berserk rage {unknown}
 E - a potion of invisibility {unknown}
 H - a potion of cancellation {unknown}
 J - a potion of attraction {unknown}


   Skills:
 - Level 4.0 Fighting
 + Level 3.6 Armour
 - Level 3.0 Dodging
 - Level 3.0 Stealth
 * Level 13.8 Spellcasting
 + Level 7.8 Conjurations
 - Level 1.1 Summonings
 - Level 1.1 Translocations
 + Level 2.0 Fire Magic
 - Level 1.0 Ice Magic
 - Level 1.0 Air Magic
 - Level 2.1 Earth Magic
 - Level 2.0 Poison Magic
 - Level 1.0 Evocations


You had 17 spell levels left.
You knew the following spells:

 Your Spells              Type           Power      Damage    Failure   Level
a - Magic Dart            Conj           100%       1d8       1%          1
b - Mephitic Cloud        Conj/Pois/Air  34%        N/A       3%          3
c - Call Imp              Summ           21%        N/A       4%          2
d - Blink                 Tloc           42%        N/A       4%          2
e - Foxfire               Conj/Fire      100%       2x1d9     1%          1
f - Stone Arrow           Conj/Erth      80%        3d12      1%          3
g - Orb of Destruction    Conj           26%        9d9       86%         7

Your spell library contained the following spells:

 Spells                   Type           Power      Damage    Failure   Level
 Sandblast                Erth           52%        2d12      2%          1
 Apportation              Tloc           42%        N/A       3%          1
 Passwall                 Tmut/Erth      17%        N/A       4%          2
 Slow                     Hex            64%        N/A       5%          1
 Cigotuvi's Dreadful Rot  Necr/Pois/Air  42%        N/A       5%          2
 Summon Guardian Golem    Hex/Summ       19%        N/A       12%         3
 Alistair's Intoxication  Tmut/Pois      14%        N/A       67%         5
 Conjure Ball Lightning   Conj/Air       18%        3x3d6     78%         6
 Spellforged Servitor     Conj/Summ      19%        N/A       100%        7
 Discord                  Hex            8%         N/A       100%        8
 Disjunction              Tloc           10%        N/A       100%        8


Dungeon Overview and Level Annotations

Branches:
Dungeon (9/15)             Temple (0/1) D:7            Lair (0/5) D:9
    Orc (0/2) D:9

Altars:
Ashenzari
Dithmenos
Elyvilon
Hepliaklqana
Nemelex Xobeh
Okawaru
Qazlal
Ru
Trog
Vehumet
Xom
The Shining One

Shops:
D:1 :   D:4 [   D:5 *   D:8 (:([


Message History

The stinking cloud engulfs the ogre but does no damage.
The ogre is severely wounded.
The stinking cloud engulfs the gnoll sergeant but does no damage.
The gnoll sergeant is engulfed in noxious fumes.
The gnoll sergeant appears confused.
The gnoll sergeant barely misses itself.
Unknown command.
Unknown command.
Unknown command.
Casting: Mephitic Cloud (dangerous; 3% risk of failure)
Confirm with . or Enter, or press ? or * to list all spells.
A beastly little devil appears in a puff of flame.
Your crimson imp says, "You called?"
The ogre is engulfed in noxious fumes.
The gnoll sergeant is engulfed in noxious fumes.
The gnoll sergeant appears confused.
The gnoll sergeant barely misses the orc.
Vehumet accepts your kill.
You feel your power returning.
You feel a bit more experienced.
Unknown command.
You swap places.
The ogre hits your crimson imp with a +0 giant club!!
Your crimson imp dies!
Your crimson imp disappears in a puff of smoke!
Unknown command.
Casting: Call Imp (safe; 4% risk of failure)
Confirm with . or Enter, or press ? or * to list all spells.
Aiming: Mephitic Cloud (dangerous; 3% risk of failure)
Press: ? - help, Shift-Dir - straight line, f/p - ogre
Aim: an ogre, wielding a +0 giant club (severely wounded, chance to affect: 77%)
The ball explodes into a vile cloud!
The stinking cloud engulfs the ogre but does no damage.
The ogre is severely wounded.
You hear a shout!
The ogre is engulfed in noxious fumes.
Unknown command.
You hit the ogre but do no damage.
The ogre is poisoned.
The ogre is severely wounded.
The ogre hits you with a +0 giant club!!
You die... .# ###### .# #§☼O@# ..# #### #☼##.#######..# #8goO

#)#...........#
#.OT.g#g#...........#
#.go..oT#...........#
#..go.#g#...........#
#8.OK8#.#.).........#
##### #.#........†..#
## .................#


You could see an ogre (very poisoned).

Vanquished Creatures
  A death yak (D:9)
  Grinder (D:6)
  Prince Ribbit (D:5)
  7 yaks
  Edmund (D:5)
  A water moccasin (D:7)
  An acid dragon (D:9)
  A sky beast (D:7)
  An orc warrior (D:8)
  2 black bears
  An ice beast (D:7)
  2 ogres (D:5)
  A kobold brigand (D:8)
  A gnoll sergeant (D:9)
  A necrophage (D:6)
  A scorpion (D:6)
  4 wights (D:8)
  2 killer bees (D:9)
  2 howler monkeys
  5 hounds
  3 orc priests
  3 jellies
  3 gnoll boudas (D:5)
  3 iguanas
  4 orc wizards
  14 gnolls (D:5)
  11 adders
  2 shadow imps
  4 white imps
  A worm (D:2)
  A dart slug (D:3)
  22 orcs
  8 bats
  4 endoplasms
  A giant cockroach (D:2)
  8 goblins
  10 hobgoblins
  3 jackals (D:2)
  7 kobolds
  3 quokkas
  11 ball pythons
  5 frilled lizards
  7 rats
175 creatures vanquished.

Vanquished Creatures (collateral kills)
  An orc warrior (D:9)
  A kobold brigand (D:9)
  A killer bee (D:9)
3 creatures vanquished.

Vanquished Creatures (others)
  A butterfly (D:7)
  64 foxfires
65 creatures vanquished.

Grand Total: 243 creatures vanquished

Notes
Turn   | Place    | Note
-------+----------+-------------------------------------------
     0 | D:1      | pokeman the Deep Elf Hedge Wizard began the quest for the
                  | Orb.
     0 | D:1      | Reached XP level 1. HP: 10/10 MP: 7/7
   285 | D:1      | Reached XP level 2. HP: 15/15 MP: 3/9
   554 | D:1      | Found Ydydoe's Vocational Training.
  1039 | D:1      | Reached skill level 5 in Spellcasting
  1347 | D:2      | Reached XP level 3. HP: 20/20 MP: 6/11
  1351 | D:2      | Learned a level 3 spell: Mephitic Cloud
  1354 | D:2      | Learned a level 2 spell: Call Imp
  1357 | D:2      | Learned a level 2 spell: Blink
  1738 | D:2      | Reached skill level 1 in Armour
  2351 | D:3      | Reached skill level 1 in Fighting
  2465 | D:3      | Reached XP level 4. HP: 25/25 MP: 5/13
  2770 | D:3      | Reached skill level 6 in Spellcasting
  2925 | D:3      | Reached XP level 5. HP: 27/29 MP: 11/15
  3474 | D:3      | Found a shimmering altar of Xom.
  3668 | D:4      | Reached skill level 1 in Ice Magic
  3668 | D:4      | Reached skill level 1 in Evocations
  3830 | D:4      | Found Vyckoplat's Armour Shop.
  4181 | D:4      | Found a glowing golden altar of the Shining One.
  4246 | D:4      | Reached XP level 6. HP: 31/34 MP: 8/17
  4252 | D:4      | Reached skill level 1 in Poison Magic
  4488 | D:4      | Found a bloodstained altar of Trog.
  4498 | D:4      | Found a hazy altar of Hepliaklqana.
  4512 | D:4      | Found a shadowy altar of Dithmenos.
  4513 | D:4      | Noticed a shadow
  4620 | D:5      | Entered Level 5 of the Dungeon
  4657 | D:5      | Reached skill level 1 in Air Magic
  4681 | D:5      | Reached skill level 7 in Spellcasting
  4934 | D:5      | Reached XP level 7. HP: 37/38 MP: 12/20
  4987 | D:5      | Found Gatest's General Store.
  5016 | D:5      | Bought a potion of heal wounds for 70 gold pieces
  5016 | D:5      | Bought a scroll of blinking for 105 gold pieces
  5056 | D:5      | Noticed Prince Ribbit
  5223 | D:5      | Killed Prince Ribbit
  5224 | D:5      | Reached skill level 8 in Spellcasting
  5344 | D:5      | Reached skill level 9 in Spellcasting
  5353 | D:5      | Reached XP level 8. HP: 19/44 MP: 2/23
  5851 | D:5      | Found a broken altar of Ashenzari.
  5965 | D:5      | Noticed Edmund
  5984 | D:5      | Killed Edmund
  5985 | D:5      | Reached skill level 5 in Conjurations
  6223 | D:6      | Noticed Grinder
  6292 | D:6      | Killed Grinder
  6293 | D:6      | Reached skill level 10 in Spellcasting
  7020 | D:6      | Found a sparkling altar of Nemelex Xobeh.
  7025 | D:6      | Found a radiant altar of Vehumet.
  7025 | D:6      | Found an iron altar of Okawaru.
  7033 | D:6      | Became a worshipper of Vehumet
  7101 | D:6      | Reached skill level 11 in Spellcasting
  7111 | D:6      | Reached XP level 9. HP: 24/49 MP: 20/26
  7616 | D:7      | Reached skill level 12 in Spellcasting
  7682 | D:7      | Found a white marble altar of Elyvilon.
  7741 | D:7      | Learned a level 7 spell: Orb of Destruction
  7962 | D:7      | Found a staircase to the Ecumenical Temple.
  7990 | D:8      | Found Meoxtuonk's Antique Armour Emporium.
  8288 | D:8      | Found a stormy altar of Qazlal.
  8656 | D:8      | Found Wumoa's Weapon Shoppe.
  8666 | D:8      | Learned a level 3 spell: Stone Arrow
  8720 | D:8      | Reached * piety under Vehumet
  8720 | D:8      | Offered knowledge of Foxfire by Vehumet.
  8726 | D:8      | Learned a level 1 spell: Foxfire
  8733 | D:8      | Reached skill level 1 in Earth Magic
  8761 | D:8      | Reached skill level 13 in Spellcasting
  8874 | D:8      | Found Maoch's Book Shop.
  9051 | D:8      | Found Huhig's Antique Weapon Emporium.
  9318 | D:9      | Found a staircase to the Lair.
  9320 | D:9      | Noticed a death yak
  9320 | D:9      | Noticed a death yak
  9320 | D:9      | Noticed a death yak
  9352 | D:9      | Killed a death yak
  9353 | D:9      | Reached skill level 1 in Fire Magic
  9353 | D:9      | Reached XP level 10. HP: 56/56 MP: 9/29
  9600 | D:9      | Found a sacrificial altar of Ru.
  9816 | D:9      | Found a staircase to the Orcish Mines.
  9847 | D:9      | Mangled by an ogre

Illustrated notes

Levels and vault maps discovered:
D:1:      wheals_arrival_shading, layout_basic, chequers_garden,
          minmay_misc_feat_more_columns, nicolae_shop_vocational
D:2:      layout_loops_ring
D:3:      layout_basic, nicolae_overflow_hidden_temple
D:4:      layout_basic, riverfiend_overflow_shadow_ancestor, tso_oasis_becter,
          mainiacjoe_overflow_catwalk, serial_shops, nicolae_shop_stone
D:5:      layout_basic, kennysheep_little_box, serial_shops,
          nicolae_shop_hallway_plus, grunt_ministairs_13, uniq_edmund,
          uniq_prince_ribbit1
D:6:      layout_gridville, grunt_temple_overflow_open, dreamdust_wishing_well,
          hangedman_abyss_or_decor_lesser_grid, eino_curves_04, uniq_grinder
D:7:      layout_rooms, nicolae_elyvilon_peaceful_grove,
          minmay_temple_entry_fiery
D:8:      layout_loops_corners, mainiacjoe_overflow_24_doors, serial_shops,
          shop, shop, shop, shop_fountains
D:9:      layout_long_grid, nicolae_ru_great_annihilating_truth,
          old_standard_altar, dpeg_lair_monsters,
          kennysheep_orc_monster_closet_entryway

Skill      XL: |  1  2  3  4  5  6  7  8  9 10 |
---------------+-------------------------------+-----
Spellcasting   | 5 6 7 9 11 13 | 13.8
Armour         | 1 3 |  3.6
Fighting       | 1 2 4 |  4.0
Conjurations   | 2 3 4 6 7 |  7.8
Dodging        | 3 |  3.0
Stealth        | 3 |  3.0
Ice Magic      | 1 |  1.0
Evocations     | 1 |  1.0
Poison Magic   | 2 |  2.0
Air Magic      | 1 |  1.0
Earth Magic    | 2 |  2.1
Fire Magic     | 1 2 |  2.0
Summonings     | |  1.1
Translocations | |  1.1

Action                   |  1- 3 |  4- 6 |  7- 9 | 10-12 || total
-------------------------+-------+-------+-------+-------++-------
Melee: Dagger            |    12 |    20 |   112 |    13 ||   157
       Punch             |       |       |     1 |       ||     1
 Cast: Magic Dart        |   129 |   117 |   193 |       ||   439
       Call Imp          |       |     2 |     6 |     2 ||    10
       Mephitic Cloud    |       |     4 |    31 |     8 ||    43
       Blink             |       |       |     7 |     1 ||     8
       Foxfire           |       |       |    25 |    10 ||    35
       Stone Arrow       |       |       |     4 |     4 ||     8
 Stab: Confused          |       |     2 |     8 |     1 ||    11
Armor: Robe              |     3 |       |       |       ||     3
       Leather armour    |     2 |    11 |    33 |     2 ||    48
Dodge: Dodged            |    18 |    28 |    86 |    17 ||   149

Table legend: (Time is in decaauts)
 A = Elapsed time spent in this place.
 B = Non-inter-level travel time spent in this place.
 C = Inter-level travel time spent in this place.
 D = Time resting spent in this place.
 E = Time spent auto-exploring this place.
 F = Levels seen in this place.
 G = Mean time per level.
                   A        B        C        D        E       F      G
               +--------+--------+--------+--------+--------+-----+--------+
         Total |   9846 |   9630 |    216 |    556 |   7656 |   9 | 1094.0 |
       Dungeon |   9846 |   9630 |    216 |    556 |   7656 |   9 | 1094.0 |
               +--------+--------+--------+--------+--------+-----+--------+

Top non-repeatable levels by time:
     D:5: 1506 daAuts
     D:8: 1427 daAuts
     D:2: 1365 daAuts
     D:6: 1261 daAuts
     D:1: 1220 daAuts
     D:3: 1031 daAuts
     D:4: 1003 daAuts
     D:7: 589 daAuts
     D:9: 440 daAuts
